 Dungeon Crawl Stone Soup version 0.22.0-16-gc6d26f6 (webtiles) character file.

46 Amnesiac the Vandal (level 3, -2/28 HPs)
             Began as a Mummy Hunter on Aug 17, 2018.
             Killed by divine providence
             ... invoked by an orc priest
              (14 damage)
             ... on level 3 of the Dungeon.
             The game lasted 00:05:06 (1725 turns).

Amnesiac the Vandal (Mummy Hunter)                  Turns: 1725, Time: 00:05:07

Health: -2/28      AC: 11    Str: 16    XL:     3   Next: 46%
Magic:  3/3        EV:  4    Int: 10    God:
Gold:   93         SH:  3    Dex: 12    Spells: 2/2 levels left

rFire    x . .     SeeInvis .   a - +2 hunting sling
rCold    + . .     Gourm    .   f - +0 buckler
rNeg     + + +     Faith    .   h - +0 plate armour
rPois    ∞         Spirit   .   (no helmet)
rElec    .         Reflect  .   (no cloak)
rCorr    .         Harm     .   c - +0 pair of gloves
MR       .....                  (no boots)
Stlth    ..........             (no amulet)
HPRegen  0.09/turn              i - ring of flight
MPRegen  0.08/turn              (no ring)

@: no status effects
A: no food or potions, fire vulnerability, cold resistance 1, negative energy
resistance 3, torment resistance, unbreathing
a: Evoke Flight


You were on level 3 of the Dungeon.
You were not hungry.

You visited 1 branch of the dungeon, and saw 3 of its levels.

You collected 93 gold pieces.

Inventory:

Hand Weapons
 a - a +2 hunting sling (weapon)
 b - a -2 short sword
 g - a +0 short sword
Missiles
 d - 15 sling bullets (quivered)
 e - 72 stones
Armour
 c - a +0 pair of gloves (worn)
 f - a +0 buckler (worn)
 h - a +0 plate armour (worn)
Jewellery
 i - a ring of flight (left hand)
Scrolls
 l - a scroll of fear {!r}


   Skills:
 + Level 2.7 Fighting
 * Level 4.0 Slings
 - Level 1.5 Dodging
 - Level 0.7 Stealth


You had 2 spell levels left.
You didn't know any spells.
Your spell library was empty.

Dungeon Overview and Level Annotations

Branches:
Dungeon (3/15)

Altars:

Annotations:
D:1 !
D:2 Sigmund


Innate Abilities, Weirdness & Mutations

You do not eat or drink.
Your flesh is vulnerable to fire.
You are immune to poison.
Your flesh is cold resistant. (rC+)
You are immune to negative energy. (rN+++)
You are immune to unholy pain and torment.
You can survive without breathing.


Message History

e - 62 stones (gained 3)
e - 76 stones (gained 14)
A hobgoblin comes into view. It is wielding a short sword.
Firing (i - inventory. (/) - cycle)
e - 76 stones (quivered)
Press: ? - help, Shift-Dir - straight line, f - hobgoblin
Aim: a hobgoblin, wielding a short sword (hasn't noticed you)
You shoot a stone. The stone barely misses the hobgoblin.
The hobgoblin shouts!
You hear a shout!
An orc priest and an orc wizard come into view.
The orc priest shouts!
You hear a shout!
The orc priest calls down the wrath of Beogh upon you.
Beogh smites you!
Firing (i - inventory. (/) - cycle)
e - 75 stones (quivered)
Press: ? - help, Shift-Dir - straight line, f/p - hobgoblin
Aim: a hobgoblin, wielding a short sword You shoot a stone.
The stone hits the hobgoblin.
You kill the hobgoblin!
The orc wizard gestures wildly while chanting.
The orc wizard flickers and vanishes!
Deactivating autopickup; reactivate with Ctrl-A. 2 orcs come into view.
Firing (i - inventory. (/) - cycle)
e - 74 stones (quivered)
Press: ? - help, Shift-Dir - straight line, f - orc priest
Aim: an orc priest, wielding a short sword You shoot a stone.
The stone hits the orc priest!
The orc priest is heavily wounded.
A puff of flame appears from out of thin air!
The puff of flame hits you! The fire burns you terribly!
* * * LOW HITPOINT WARNING * * *
There are monsters nearby!
Firing (i - inventory. (/) - cycle)
e - 73 stones (quivered)
Press: ? - help, Shift-Dir - straight line, f/p - orc priest
Aim: an orc priest, wielding a short sword (heavily wounded)
You shoot a stone. The stone hits the orc priest.
The orc priest is severely wounded.
Quiver which item? (- for none, * to show all) (? for menu, Esc to quit)
Quivering
d - 19 sling bullets for slings.
You aren't carrying any items that you can evoke.
Firing (i - inventory. (/) - cycle)
d - 19 sling bullets (quivered)
Press: ? - help, Shift-Dir - straight line, f/p - orc priest
Aim: an orc priest, wielding a short sword (severely wounded)
You shoot a sling bullet.
The sling bullet barely misses the orc priest.
Firing (i - inventory. (/) - cycle)
d - 18 sling bullets (quivered)
Press: ? - help, Shift-Dir - straight line, f/p - orc priest
Aim: an orc priest, wielding a short sword (severely wounded)
You shoot a sling bullet.
The sling bullet barely misses the orc priest.
The orc priest hits you but does no damage.
Firing (i - inventory. (/) - cycle)
d - 17 sling bullets (quivered)
Press: ? - help, Shift-Dir - straight line, f/p - orc priest
Aim: an orc priest, wielding a short sword (severely wounded)
You shoot a sling bullet.
The sling bullet barely misses the orc priest.
The orc priest miscasts a cantrip.
Firing (i - inventory. (/) - cycle)
d - 16 sling bullets (quivered)
Press: ? - help, Shift-Dir - straight line, f/p - orc priest
Aim: an orc priest, wielding a short sword (severely wounded)
You shoot a sling bullet.
The sling bullet closely misses the orc priest.
The orc priest calls down the wrath of Beogh upon you.
Beogh smites you!
Ouch! That really hurt!
You die...

#..## ##...# #..#.###
##.##...#####
#..####.....# #.##
#.....### #.# #.........
.. ##.# ##......... ...
#..# ##.@####.... ....
#.####.o## #....
#.#.#####.##..(###(o.....
..[.............o.o.... .
......#...###.(.)####..
#.......#....####
(..####..#.####
..##.....#.####
.#...##.......#


You could see an orc priest.

Vanquished Creatures
  An adder (D:2)
  A worm (D:3)
  2 dart slugs (D:2)
  A leopard gecko (D:3)
  An orc (D:1)
  2 giant cockroaches
  2 goblins (D:1)
  3 hobgoblins
  4 jackals
  A quokka (D:1)
  3 bats (D:1)
  3 frilled lizards
  3 kobolds
27 creatures vanquished.

Notes
Turn   | Place    | Note
-------+----------+-------------------------------------------
     0 | D:1      | Amnesiac the Mummy Hunter began the quest for the Orb.
     0 | D:1      | Reached XP level 1. HP: 16/16 MP: 1/1
   396 | D:1      | Reached XP level 2. HP: 22/22 MP: 2/2
  1022 | D:2      | Noticed Sigmund
  1135 | D:2      | Reached XP level 3. HP: 11/28 MP: 3/3
  1572 | D:3      | Reached skill level 4 in Slings
  1725 | D:3      | Killed from afar by an orc priest

Skill      XL: |  1  2  3 |
---------------+----------+-----
Slings         | 4 |  4.0
Fighting       | |  2.7
Dodging        | |  1.5
Stealth        | |  0.7

Action                   || total
-------------------------++-------
Melee: Short sword       ||   182
 Fire: Hunting sling     ||    27
  Use: Scroll            ||     8
Armor: Plate armour      ||   190
       Chain mail        ||     1
Dodge: Dodged            ||    28
Block: Buckler           ||    37
